AoeStats
← fruchtoase5

Black Forest

509948635Analyzed
3v3 RM · 5d ago on Sep 28, 2026· 68m 14s· 6 players
Game mode
Random Map
Map size
Normal (6 player)
Population
200
Speed
Normal
Resources
Standard
Victory
Conquest
Starting age
Dark Age
Ending age
Imperial Age
RankedLock teamsTeams togetherTeam positionsShared explorationLock speedFull tech treeHidden civsTurbo modeCheats
Victory
Defeat
🇬🇧 Shu · United Kingdom
1221
+10
🇩🇪 Celts · Germany
1175
+12
🇩🇪 Khmer · Germany
1061
+17
🇩🇪 Mongols · Germany
1101
-14
🇬🇹 Aztecs · Guatemala
1086
-13
🇪🇸 Franks · Spain
1061
-12
fruchtoase5
5:02 Loom
11:14 Feudal Age
15:36 Castle Age
13:28 Double-Bit Axe
14:00 Horse Collar
16:37 Bow Saw
16:36 Heavy Plow
19:09 Wheelbarrow
20:56 Town Watch
22:13 Gold Mining
22:17 Stone Mining
24:51 Hand Cart
25:01 Hand Cart
25:40 Gold Shaft Mining
26:47 Town Patrol
28:13 Stone Shaft Mining
32:28 Imperial Age
31:40 Fletching
32:32 Murder Holes
32:51 Masonry
32:40 Bodkin Arrow
32:33 Elite Mangudai
33:34 Conscription
33:25 Bracer
33:48 Ballistics
34:28 Chemistry
33:41 Fortified Wall
34:34 Bloodlines
33:45 Light Cavalry
34:26 Husbandry
34:42 Scale Barding Armor
34:47 Forging
35:18 Hoardings
36:42 Chain Barding Armor
36:57 Iron Casting
35:58 Hussar
38:56 Chemistry
38:24 Siege Engineers
38:52 Drill
38:28 Capped Ram
41:19 Hoardings
40:45 Siege Ram
41:35 Caravan
43:17 Parthian Tactics
42:58 Thumb Ring
45:45 Pikeman
46:56 Squires
46:42 Arson
47:59 Blast Furnace
47:00 Scale Mail Armor
52:27 Chain Mail Armor
iochoam91
0:28 Loom
12:16 Feudal Age
16:28 Castle Age
15:37 Gold Mining
24:02 Wheelbarrow
23:41 Double-Bit Axe
28:26 Hand Cart
29:02 Town Watch
29:22 Caravan
34:37 Imperial Age
32:27 Forging
32:23 Scale Barding Armor
32:21 Husbandry
34:02 Iron Casting
34:51 Chain Barding Armor
35:46 Conscription
35:03 Cavalier
37:10 Blast Furnace
37:18 Plate Barding Armor
37:56 Paladin
40:06 Town Patrol
40:16 Chivalry
48:15 Scale Mail Armor
59:37 Ordonnance Companies
FeherFarkas
0:26 Loom
17:10 Feudal Age
18:45 Double-Bit Axe
19:06 Horse Collar
21:33 Fletching
24:27 Castle Age
22:59 Arson
25:53 Bow Saw
29:43 Heavy Plow
32:03 Pikeman
32:43 Squires
32:44 Scale Mail Armor
35:44 Chain Mail Armor
36:02 Forging
36:32 Gambesons
40:15 Imperial Age
38:23 Wheelbarrow
39:26 Hand Cart
40:38 Iron Casting
39:58 Bodkin Arrow
42:10 Ballistics
42:01 Fortified Wall
42:33 Plate Mail Armor
42:28 Conscription
42:59 Stone Mining
43:00 Gold Mining
43:27 Padded Archer Armor
43:29 Bracer
43:00 Eagle Warrior
45:22 Garland Wars
45:10 Town Watch
46:12 Elite Eagle Warrior
49:47 Chemistry
52:54 Onager
54:29 Siege Engineers
JakeOtto
0:46 Loom
0:52 Loom
10:50 Feudal Age
15:52 Castle Age
15:13 Double-Bit Axe
15:09 Horse Collar
18:10 Bow Saw
21:27 Heavy Plow
22:09 Crossbowman
23:29 Wheelbarrow
22:59 Gold Mining
23:38 Fletching
24:27 Bodkin Arrow
25:57 Thumb Ring
29:41 Imperial Age
27:40 Padded Archer Armor
28:13 Hand Cart
27:45 Town Watch
29:20 Leather Archer Armor
29:36 Ballistics
29:43 Thumb Ring
29:53 Arbalester
30:34 Bracer
31:51 Chemistry
32:03 Siege Engineers
32:52 Ring Archer Armor
33:48 Fortified Wall
37:16 Squires
37:42 Caravan
37:28 Pikeman
37:53 Gambesons
38:35 Scale Mail Armor
38:45 Forging
38:21 Treadmill Crane
38:52 Masonry
40:36 Halberdier
41:02 Arson
42:30 Chain Mail Armor
42:49 Architecture
58:23 Two-Man Saw
58:49 Plate Mail Armor
59:38 Conscription
59:28 Bolt Magazine
59:37 Coiled Serpent Array
67:13 Spies/Treason
cocoloco
0:43 Loom
16:17 Feudal Age
18:10 Double-Bit Axe
21:20 Castle Age
20:31 Fletching
24:52 Bodkin Arrow
24:54 Horse Collar
29:28 Gold Mining
29:55 Bow Saw
31:22 Scale Mail Armor
31:33 Forging
36:05 Wheelbarrow
35:16 Town Watch
38:15 Imperial Age
37:34 Fortified Wall
38:22 Chain Mail Armor
38:42 Iron Casting
38:30 Hand Cart
38:16 Town Patrol
38:39 Heavy Plow
38:43 Onager
40:37 Chemistry
39:45 Pikeman
41:02 Conscription
40:11 Capped Ram
41:06 Heavy Scorpion
42:10 Siege Ram
44:04 Furor Celtica
43:59 Halberdier
46:20 Plate Mail Armor
46:47 Siege Onager
48:30 Elite Woad Raider
50:31 Blast Furnace
53:40 Hoardings
57:18 Guard Tower
57:23 Murder Holes
56:55 Man-at-Arms
57:20 Gambesons
57:21 Arson
57:39 Padded Archer Armor
57:44 Scale Barding Armor
57:44 Devotion
58:05 Sanctity
59:38 Stronghold
59:53 Caravan
60:27 Coinage
60:08 Guilds
59:21 Long Swordsman
60:39 Gold Shaft Mining
59:55 Stone Mining
60:26 Leather Archer Armor
60:31 Chain Barding Armor
60:20 Siege Engineers
60:26 Masonry
60:08 Heated Shot
60:30 Clinker Construction
60:41 Shipwright
62:20 Banking
61:18 Two-Handed Swordsman
62:37 Stone Shaft Mining
62:36 Ring Archer Armor
62:25 Fervor
62:12 Herbal Medicine
63:24 Sappers
63:51 Champion
67:42 Spies/Treason
Aida369
2:15 Loom
13:40 Feudal Age
14:20 Double-Bit Axe
14:19 Horse Collar
14:34 Gold Mining
16:04 Wheelbarrow
17:15 Scale Barding Armor
17:20 Forging
18:58 Bloodlines
18:48 Stone Mining
22:45 Castle Age
23:28 Husbandry
23:53 Chain Barding Armor
24:09 Iron Casting
23:38 Heavy Plow
24:17 Gold Shaft Mining
23:55 Bow Saw
27:10 Stone Shaft Mining
27:25 Hand Cart
38:30 Imperial Age
38:44 Elite Battle Elephant
40:21 Caravan
42:12 Crop Rotation
42:32 Plate Barding Armor
48:31 Blast Furnace
Connection lost

Rejoining the realm…

Still unreachable

The connection could not be restored.

Session expired

The server has moved on; the page needs a fresh start.